General information
- name: BNet
- type: Ladder team game (AT/RT)
- host: Battle.net
- saver: HUMANKINGTOMVIP
map: Battleground
- players: 8
- length: 26:23
- speed: Fast
- version: 1.26 W3XP
- replay type: Public
» download(193 KB)
Players
team 1 (winner)
HUMANKINGTOMVIP (
yellow | 75 APM | 1984 actions | 26:23)
10 Goblin Alchemist
3 Acid Bomb
3 Chemical Rage
1 Transmute
3 Healing Spray
» actions
| Assign group hotkey | 104 | |
| Basic commands | 52 | |
| Build / train | 68 | |
| ESC pressed | 3 | |
| Enter build submenu | 22 | |
| Enter hero's abilities submenu | 10 | |
| Give item / drop item | 5 | |
| Right click | 1035 | |
| Select / deselect | 174 | |
| Select group hotkey | 396 | |
| Use ability | 115 | |
1984 total
» units
| Peasant | 29 | |
| Forest Troll Shadow Priest | 1 | |
| Forest Troll Berserker | 1 | |
| Gryphon Rider | 8 | |
39 total
» upgrades
| Storm Hammers | 1 | |
| Animal War Training | 1 | |
| Swords | 2 | |
| Armor | 2 | |
6 total
» buildings
| Altar of Kings | 1 | |
| Farm | 9 | |
| Lumber Mill | 1 | |
| Keep | 1 | |
| Castle | 1 | |
| Gryphon Aviary | 4 | |
| Barracks | 1 | |
| Blacksmith | 1 | |
| Town Hall | 3 | |
22 total
» build order
00:31 Altar of Kings
00:42 Farm
01:12 Lumber Mill
02:11 Farm
02:24 Farm
04:09 Keep
06:57 Castle
07:18 Gryphon Aviary
07:19 Gryphon Aviary
07:19 Gryphon Aviary
07:20 Gryphon Aviary
07:23 Barracks
07:24 Blacksmith
07:26 Farm
07:27 Farm
08:56 Farm
08:56 Farm
08:56 Farm
08:57 Farm
12:06 Town Hall
18:24 Town Hall
23:52 Town Hall
» items
| Boots of Speed | 1 | |
| Staff of Teleportation | 1 | |
| Scroll of Town Portal | 4 | |
| Scroll of Speed | 1 | |
| Orb of Lightning | 1 | |
| Healing Salve | 1 | |
| Potion of Invisibility | 1 | |
10 total

»
Methias (
orange | 52 APM | 1371 actions | 26:22)
7 Priestess of the Moon
3 Trueshot Aura
3 Searing Arrows
1 Starfall
» actions
| Assign group hotkey | 46 | |
| Basic commands | 10 | |
| Build / train | 65 | |
| Enter build submenu | 22 | |
| Enter hero's abilities submenu | 7 | |
| Right click | 492 | |
| Select / deselect | 211 | |
| Select group hotkey | 476 | |
| Use ability | 42 | |
1371 total
» units
| Wisp | 15 | |
| Archer | 12 | |
| Hippogryph | 11 | |
| Chimaera | 10 | |
48 total
» upgrades
| Strength of the Moon | 2 | |
| Improved Bows | 1 | |
| Hippogryph Taming | 1 | |
| Corrosive Breath | 1 | |
| Well Spring | 1 | |
6 total
» buildings
| Altar of Elders | 1 | |
| Moon Well | 8 | |
| Ancient of War | 2 | |
| Tree of Ages | 1 | |
| Hunter's Hall | 1 | |
| Ancient Protector | 2 | |
| Ancient of Wind | 2 | |
| Tree of Eternity | 1 | |
| Chimaera Roost | 3 | |
| Tree of Life | 2 | |
23 total
» build order
00:22 Altar of Elders
00:37 Moon Well
01:18 Ancient of War
01:33 Moon Well
02:19 Ancient of War
02:28 Moon Well
03:07 Tree of Ages
03:28 Moon Well
04:04 Hunter's Hall
04:30 Moon Well
05:12 Ancient Protector
05:48 Ancient Protector
06:49 Ancient of Wind
06:52 Ancient of Wind
10:29 Tree of Eternity
13:01 Chimaera Roost
13:32 Chimaera Roost
13:59 Moon Well
15:10 Chimaera Roost
21:48 Moon Well
22:32 Moon Well
22:45 Tree of Life
26:04 Tree of Life
ChengyB (
red | 43 APM | 910 actions | 21:16)
5 Archmage
3 Blizzard
2 Brilliance Aura
» actions
| Assign group hotkey | 4 | |
| Basic commands | 41 | |
| Build / train | 25 | |
| ESC pressed | 1 | |
| Enter build submenu | 10 | |
| Enter hero's abilities submenu | 5 | |
| Give item / drop item | 2 | |
| Right click | 630 | |
| Select / deselect | 122 | |
| Select group hotkey | 39 | |
| Use ability | 31 | |
910 total
» units
» buildings
| Altar of Kings | 1 | |
| Farm | 6 | |
| Barracks | 1 | |
| Keep | 1 | |
| Lumber Mill | 1 | |
| Arcane Vault | 1 | |
11 total
» build order
00:07 Altar of Kings
00:13 Farm
00:47 Farm
00:52 Barracks
01:29 Farm
02:00 Farm
02:51 Farm
03:09 Keep
03:12 Lumber Mill
03:49 Farm
04:06 Arcane Vault
» items
Facehole (
teal | 39 APM | 1022 actions | 26:22)
8 Blademaster
3 Wind Walk
3 Critical Strike
1 Bladestorm
1 Mirror Image
» actions
| Assign group hotkey | 20 | |
| Basic commands | 165 | |
| Build / train | 60 | |
| Enter build submenu | 17 | |
| Enter hero's abilities submenu | 8 | |
| Give item / drop item | 2 | |
| Right click | 158 | |
| Select / deselect | 203 | |
| Select group hotkey | 330 | |
| Use ability | 59 | |
1022 total
» units
» upgrades
| Armor | 3 | |
| Ranged Weapons | 3 | |
| Envenomed Spears | 1 | |
| Reinforced Defenses | 1 | |
8 total
» buildings
| Orc Burrow | 6 | |
| Altar of Storms | 1 | |
| Voodoo Lounge | 1 | |
| War Mill | 1 | |
| Stronghold | 2 | |
| Watch Tower | 4 | |
| Beastiary | 3 | |
| Fortress | 1 | |
19 total
» build order
00:15 Orc Burrow
00:51 Altar of Storms
01:22 Voodoo Lounge
01:52 War Mill
02:30 Stronghold
02:35 Orc Burrow
03:19 Orc Burrow
03:31 Orc Burrow
03:39 Watch Tower
06:20 Beastiary
06:35 Beastiary
06:40 Beastiary
09:07 Fortress
10:22 Orc Burrow
10:28 Orc Burrow
21:02 Watch Tower
21:04 Watch Tower
21:11 Watch Tower
» items
| Healing Salve | 3 | |
| Lesser Clarity Potion | 5 | |
| Scroll of Speed | 4 | |
| Scroll of Healing | 1 | |
13 total
team 2 (loser)

»
2thache (
blue | 50 APM | 1294 actions | 25:40)
4 Crypt Lord
2 Carrion Beetles
1 Spiked Carapace
1 Impale
4 Death Knight
2 Death Coil
2 Unholy Aura
» actions
| Assign group hotkey | 1 | |
| Basic commands | 43 | |
| Build / train | 77 | |
| Enter build submenu | 17 | |
| Enter hero's abilities submenu | 8 | |
| Give item / drop item | 3 | |
| Remove unit from queue | 1 | |
| Right click | 643 | |
| Select / deselect | 439 | |
| Select group hotkey | 4 | |
| Use ability | 58 | |
1294 total
» units
| Acolyte | 8 | |
| Ghoul | 3 | |
| Crypt Fiend | 15 | |
| Gargoyle | 11 | |
| Obsidian Statue | 3 | |
| Meatwagon | 2 | |
| Frost Wyrm | 5 | |
47 total
» upgrades
| Creature Attack | 2 | |
| Web | 1 | |
| Creature Carapace | 1 | |
| Ghoul Frenzy | 1 | |
| Freezing Breath | 1 | |
6 total
» buildings
| Crypt | 2 | |
| Graveyard | 1 | |
| Ziggurat | 5 | |
| Altar of Darkness | 1 | |
| Nerubian Tower | 1 | |
| Tomb of Relics | 1 | |
| Halls of the Dead | 1 | |
| Sacrificial Pit | 1 | |
| Spirit Tower | 1 | |
| Slaughterhouse | 1 | |
| Black Citadel | 1 | |
| Boneyard | 3 | |
19 total
» build order
00:11 Crypt
00:19 Graveyard
00:45 Ziggurat
01:04 Altar of Darkness
01:33 Ziggurat
01:54 Nerubian Tower
02:26 Tomb of Relics
03:20 Ziggurat
05:01 Halls of the Dead
05:08 Ziggurat
07:45 Sacrificial Pit
09:27 Spirit Tower
10:19 Ziggurat
11:05 Slaughterhouse
13:38 Crypt
18:20 Black Citadel
21:03 Boneyard
21:10 Boneyard
21:38 Boneyard
» items
| Rod of Necromancy | 2 | |
| Dust of Appearance | 1 | |
| Periapt of Vitality | 1 | |
| Scroll of Town Portal | 3 | |
| Potion of Mana | 2 | |
9 total

»
SomethingHere (
green | 66 APM | 1681 actions | 25:34)
5 Death Knight
3 Death Coil
2 Unholy Aura
4 Pit Lord
2 Rain of Fire
2 Cleaving Attack
» actions
| Assign group hotkey | 14 | |
| Build / train | 75 | |
| ESC pressed | 2 | |
| Enter build submenu | 16 | |
| Enter hero's abilities submenu | 9 | |
| Give item / drop item | 10 | |
| Remove unit from queue | 1 | |
| Right click | 659 | |
| Select / deselect | 221 | |
| Select group hotkey | 606 | |
| Use ability | 68 | |
1681 total
» units
| Acolyte | 9 | |
| Ghoul | 3 | |
| Crypt Fiend | 15 | |
| Gargoyle | 3 | |
30 total
» upgrades
| Creature Carapace | 3 | |
| Creature Attack | 3 | |
| Web | 1 | |
| Burrow | 1 | |
8 total
» buildings
| Altar of Darkness | 1 | |
| Crypt | 1 | |
| Ziggurat | 5 | |
| Graveyard | 1 | |
| Tomb of Relics | 2 | |
| Nerubian Tower | 1 | |
| Spirit Tower | 3 | |
| Halls of the Dead | 1 | |
| Sacrificial Pit | 2 | |
| Black Citadel | 1 | |
| Necropolis | 1 | |
| Boneyard | 1 | |
20 total
» build order
00:24 Altar of Darkness
00:28 Crypt
00:44 Ziggurat
01:05 Graveyard
01:32 Tomb of Relics
02:06 Tomb of Relics
02:29 Nerubian Tower
02:46 Ziggurat
04:15 Spirit Tower
05:28 Ziggurat
06:12 Halls of the Dead
06:47 Spirit Tower
09:17 Ziggurat
09:26 Sacrificial Pit
09:31 Sacrificial Pit
11:15 Black Citadel
13:53 Necropolis
15:00 Boneyard
15:32 Ziggurat
23:04 Spirit Tower
» items
| Rod of Necromancy | 2 | |
| Dust of Appearance | 2 | |
| Boots of Speed | 2 | |
| Potion of Lesser Invulnerability | 3 | |
| Scroll of Town Portal | 5 | |
| Potion of Healing | 2 | |
| Scroll of Healing | 1 | |
| Orb of Corruption | 2 | |
19 total
Chief.Executive (
pink | 66 APM | 1741 actions | 26:21)
5 Paladin
3 Holy Light
1 Divine Shield
1 Devotion Aura
5 Mountain King
3 Storm Bolt
2 Bash
» actions
| Assign group hotkey | 30 | |
| Basic commands | 15 | |
| Build / train | 91 | |
| Enter build submenu | 22 | |
| Enter hero's abilities submenu | 10 | |
| Give item / drop item | 10 | |
| Remove unit from queue | 3 | |
| Right click | 488 | |
| Select / deselect | 372 | |
| Select group hotkey | 580 | |
| Use ability | 120 | |
1741 total
» units
| Peasant | 14 | |
| Footman | 5 | |
| Knight | 11 | |
| Rifleman | 9 | |
39 total
» upgrades
| Defend | 1 | |
| Swords | 3 | |
| Plating | 3 | |
| Animal War Training | 1 | |
| Lumber Harvesting | 2 | |
| Masonry | 3 | |
| Backpack | 1 | |
| Gunpowder | 3 | |
| Long Rifles | 1 | |
| Armor | 1 | |
19 total
» buildings
| Farm | 8 | |
| Altar of Kings | 2 | |
| Barracks | 2 | |
| Scout Tower | 4 | |
| Keep | 3 | |
| Arcane Tower | 3 | |
| Blacksmith | 1 | |
| Arcane Vault | 1 | |
| Castle | 1 | |
| Lumber Mill | 1 | |
| Guard Tower | 3 | |
| Town Hall | 1 | |
30 total
» build order
00:09 Farm
00:17 Altar of Kings
00:20 Altar of Kings
00:48 Farm
01:29 Barracks
01:34 Farm
01:59 Barracks
02:09 Scout Tower
03:04 Keep
03:04 Keep
03:11 Arcane Tower
03:11 Arcane Tower
03:35 Blacksmith
04:01 Farm
04:26 Arcane Vault
04:35 Farm
04:44 Farm
05:31 Castle
06:12 Farm
06:14 Farm
06:24 Scout Tower
06:28 Scout Tower
06:30 Scout Tower
07:19 Lumber Mill
08:40 Guard Tower
08:41 Guard Tower
08:43 Guard Tower
21:45 Town Hall
» items
| Staff of Sanctuary | 3 | |
| Scroll of Town Portal | 2 | |
| Scroll of Regeneration | 2 | |
| Scroll of Protection | 1 | |
| Orb of Fire | 1 | |
| Orb of Corruption | 1 | |
10 total
Sky_Lighters (
purple | 94 APM | 2157 actions | 22:58)
3 Archmage
2 Summon Water Elemental
1 Brilliance Aura
3 Mountain King
1 Storm Bolt
2 Bash
» actions
| Assign group hotkey | 24 | |
| Build / train | 65 | |
| Enter build submenu | 19 | |
| Enter hero's abilities submenu | 6 | |
| Give item / drop item | 1 | |
| Remove unit from queue | 3 | |
| Right click | 1093 | |
| Select / deselect | 510 | |
| Select group hotkey | 397 | |
| Use ability | 39 | |
2157 total
» units
| Peasant | 13 | |
| Footman | 10 | |
| Priest | 5 | |
| Sorceress | 4 | |
| Spell Breaker | 3 | |
| Dragonhawk Rider | 7 | |
42 total
» upgrades
| Defend | 1 | |
| Swords | 1 | |
| Plating | 1 | |
| Masonry | 2 | |
| Lumber Harvesting | 1 | |
| Priest Training | 1 | |
7 total
» buildings
| Altar of Kings | 1 | |
| Barracks | 2 | |
| Farm | 7 | |
| Blacksmith | 1 | |
| Lumber Mill | 1 | |
| Keep | 1 | |
| Arcane Vault | 1 | |
| Arcane Sanctum | 2 | |
| Gryphon Aviary | 1 | |
| Castle | 1 | |
18 total
» build order
00:20 Altar of Kings
00:35 Barracks
00:49 Farm
01:04 Farm
01:43 Farm
01:59 Barracks
02:10 Farm
02:50 Blacksmith
03:33 Lumber Mill
04:43 Farm
05:27 Farm
05:46 Keep
06:33 Arcane Vault
08:08 Arcane Sanctum
08:10 Arcane Sanctum
11:16 Farm
11:57 Gryphon Aviary
13:39 Castle
» items
Chat log
(00:13 / Allies) HUMANKINGTOMVIP: h8 this map
(00:20 / Allies) ChengyB: same
(00:28 / Allies) HUMANKINGTOMVIP: gay creeps, no fast expo
(02:36 / All) HUMANKINGTOMVIP: whats the gayest hero
(02:43 / All) HUMANKINGTOMVIP: i need a gay hero to go with this gay map
(02:43 / All) 2thache: alc
(04:42 / Allies) HUMANKINGTOMVIP: all tp
(04:54 / All) HUMANKINGTOMVIP: his hero must have died or something
(05:24 / Allies) HUMANKINGTOMVIP: kill heros bm
(05:25 / Allies) HUMANKINGTOMVIP: get the am
(05:52 / All) 2thache: come here gay boy
(05:53 / Allies) HUMANKINGTOMVIP: get the am
(06:08 / Allies) HUMANKINGTOMVIP: dogfucker noob
(07:38 / Allies) HUMANKINGTOMVIP: i should have tped miltita
(07:42 / Allies) HUMANKINGTOMVIP: dindt realize all 3 of us wer eteching
(08:32 / Allies) HUMANKINGTOMVIP: get paladin
(08:34 / Allies) HUMANKINGTOMVIP: kill the paladin
(09:07 / Allies) HUMANKINGTOMVIP: GET THE PALADIN
(09:48 / Allies) Methias: got him
(09:55 / Allies) HUMANKINGTOMVIP: creep middle
(09:56 / Allies) HUMANKINGTOMVIP: with aa
(10:02 / Allies) HUMANKINGTOMVIP: we need the xp and items fast
(11:55 / Allies) HUMANKINGTOMVIP: we have to take them apart one by one
(11:57 / Allies) HUMANKINGTOMVIP: we cant fight in a mass
(13:11 / Allies) HUMANKINGTOMVIP: lets go orc
(13:27 / Allies) HUMANKINGTOMVIP: rape human
(13:29 / Allies) HUMANKINGTOMVIP: tp if they come
(13:58 / Allies) HUMANKINGTOMVIP: tp
(14:29 / Allies) Facehole: OHG I THOIUGHT WE WERE FIGHTING
(14:38 / Allies) HUMANKINGTOMVIP: u dont read chat do you
(14:42 / Allies) Facehole: lol
(14:46 / Allies) Facehole: maybe not
(14:57 / Allies) HUMANKINGTOMVIP: !votekick meth
(16:40 / Allies) HUMANKINGTOMVIP: thanks for the help ass suckers
(16:49 / Allies) Facehole: your welcome
(18:12 / Allies) HUMANKINGTOMVIP: u turds dont blieve in expos huh
(18:13 / Allies) HUMANKINGTOMVIP: thats weird
(18:32 / Allies) HUMANKINGTOMVIP: noob human buy a quick hall from teh orc
(20:13 / All) HUMANKINGTOMVIP: rofl
(20:15 / All) HUMANKINGTOMVIP: turd
(21:28 / All) HUMANKINGTOMVIP: alchemist was a good choice
(22:06 / Allies) HUMANKINGTOMVIP: wood pls
(22:28 / All) HUMANKINGTOMVIP: YES
(25:38 / All) 2thache: gg